 Dungeon Crawl Stone Soup version 0.28.0-53-g5a82cb258f (webtiles) character file.

Game seed: 2668795937701761811

3752 DocClef the Bludgeoner (level 9, 0/78 HPs)
             Began as a Minotaur Fighter on June 27, 2022.
             Was an Initiate of the Shining One.
             Slain by Harold
             ... wielding a +2 dire flail of protection
              (18 damage)
             ... on level 6 of the Dungeon.
             The game lasted 00:06:58 (6560 turns).

DocClef the Bludgeoner (Minotaur Fighter)           Turns: 6560, Time: 00:06:59

Health: 0/78       AC: 12    Str: 26    XL:     9   Next: 93%
Magic:  8/8        EV:  9    Int:  5    God:    the Shining One [......]
Gold:   287        SH:  5    Dex: 15    Spells: 8/8 levels left

rFire   + . .      SeeInvis .   x - +5 morningstar of Bankruptcy {vorpal, rF+}
rCold   + . .      Faith    .   c - +0 buckler
rNeg    . . .      Spirit   .   s - +4 scale mail {rC+}
rPois   .          Reflect  .   (helmet restricted)
rElec   .          Harm     .   (no cloak)
rCorr   .          Rampage  .   t - +0 pair of gloves
Will    .....                   (no boots)
Stlth   ..........              (no amulet)
HPRegen 0.23/turn               w - +6 ring of dexterity
MPRegen 0.11/turn               z - ring of flight

@: marked, flying, glowing
A: horns 2, retaliatory headbutt
a: Renounce Religion


You were on level 6 of the Dungeon.
You worshipped the Shining One.
The Shining One was noncommittal.
You visited 2 branches of the dungeon, and saw 8 of its levels.

You collected 287 gold pieces.

Inventory:

Hand Weapons
 d - a +2 whip of flaming
 v - a +5 flail of protection
 x - the +5 morningstar of Bankruptcy (weapon) {vorpal, rF+}
   (You found it on level 4 of the Dungeon)

   It inflicts extra damage upon your enemies.
   rF:        It protects you from fire.
Armour
 b - a +0 scale mail
 c - a +0 buckler (worn)
 s - a +4 scale mail of cold resistance (worn)
 t - a +0 pair of gloves (worn)
Jewellery
 w - a +6 ring of dexterity (left hand)
 z - a ring of flight (right hand)
Wands
 r - a wand of iceblast (12)
Scrolls
 a - a scroll of vulnerability {unknown}
 f - 2 scrolls of summoning {unknown}
 h - a scroll of holy word {unknown}
 i - 9 scrolls of identify {unknown}
 k - 3 scrolls of amnesia {unknown}
 l - 3 scrolls of noise {unknown}
 n - 3 scrolls of teleportation {unknown}
 q - 2 scrolls of enchant weapon {unknown}
 u - a scroll of enchant armour {unknown}
 y - a scroll of magic mapping {unknown}
 B - a scroll of brand weapon {unknown}
Potions
 e - 2 potions of heal wounds
 g - 2 potions of invisibility {unknown}
 j - 2 potions of lignification {unknown}
 m - a potion of brilliance {unknown}
 o - 2 potions of haste {unknown}
 p - 3 potions of mutation {unknown}
 A - 3 potions of cancellation {unknown}
 C - a potion of curing {unknown}


   Skills:
 + Level 6.4 Fighting
 - Level 16.0 Maces & Flails
 - Level 3.6 Armour
 - Level 3.6 Shields


You had 8 spell levels left.
You didn't know any spells.
Your spell library contained the following spells:

 Spells                   Type           Power      Damage    Failure   Level
 Frozen Ramparts          Ice            0%         1d2       99%         3
 Summon Guardian Golem    Hex/Summ       0%         N/A       99%         3
 Ice Form                 Ice/Tmut       0%         N/A       100%        4
 Summon Ice Beast         Ice/Summ       0%         N/A       100%        4
 Orb of Destruction       Conj           0%         9d5       100%        7
 Spellforged Servitor     Conj/Summ      0%         N/A       100%        7


Dungeon Overview and Level Annotations

Branches:
Dungeon (7/15)             Temple (1/1) D:6

Altars:
Ashenzari
Cheibriados
Dithmenos
Elyvilon
Gozag
Hepliaklqana
Kikubaaqudgha
Makhleb
Okawaru
Qazlal
Ru
Sif Muna
Trog
Vehumet
Wu Jian
Xom
Yredelemnul
Zin
The Shining One

Shops:
D:1 ([   D:7 [

Annotations:
D:6 Harold


Innate Abilities, Weirdness & Mutations

You have a pair of horns on your head.
You reflexively headbutt those who attack you in melee.


Message History

You become entangled in the net!
You struggle against the net.
The orc closely misses you. You furiously retaliate!
You headbutt the orc!
You kill the orc!
You tear a large gash into the net.
Harold hits you with a +2 dire flail of protection.
* * * LOW HITPOINT WARNING * * *
You rip the net and break free!
Harold hits you but does no damage.
Harold throws a throwing net.
The throwing net hits you.
You become entangled in the net!
You see here a throwing net.
You tear a large gash into the net.
You struggle against the net.
Harold gestures at you while chanting. The mark upon you grows brighter.
You rip the net and break free!
A centaur skeleton comes into view.
Harold hits you with a +2 dire flail of protection!
* * * LOW HITPOINT WARNING * * *
A white imp comes into view.
Harold fires a harpoon shot at you. The harpoon shot hits you!
* * * LOW HITPOINT WARNING * * *
You are yanked forward by the harpoon shot.
There is a stone staircase leading up here.
Harold closely misses you.
You fly upwards.
There is a stone staircase leading down here.
You feel much better.
Harold hits you with a +2 dire flail of protection!
* * * LOW HITPOINT WARNING * * *
You feel much better.
Harold hits you with a +2 dire flail of protection!!
* * * LOW HITPOINT WARNING * * *
You hit Harold.
Harold is lightly wounded.
You hit Harold but do no damage.
Harold is lightly wounded.
Harold hits you with a +2 dire flail of protection!!
You die...

#################################
.........................)....'..
....(...........@........))...#..
...............@.........))...#..
.............................##..
..............#######.#......####
.†..........#.# ### #.#..........
............(.#######.+..........
.##.##.##.....'.._..+.#..........
###.##.##.....###.###.#......##..
#..........#.# #.# #........##..


You could see Harold.

Vanquished Creatures
  Pikel (D:4)
  5 yaks (D:5)
  The ghost of turdburglar the Cutter, an amateur DsMo of Sif Muna (D:4)
  Edmund (D:4)
  A water moccasin (D:6)
  2 ice beasts (D:7)
  2 necrophages (D:5)
  An orc warrior (D:7)
  4 ogres
  A centaur (D:6)
  A phantom (D:7)
  A kobold brigand (D:6)
  A bullfrog (D:7)
  3 scorpions
  3 killer bees (D:7)
  A water moccasin skeleton (D:6)
  A howler monkey (D:7)
  A centaur zombie (D:5)
  2 quasits (D:4)
  2 bullfrog skeletons
  6 hounds
  4 jellies
  An orc priest (D:6)
  Jessica (D:3)
  An iguana (D:5)
  Ijyb (D:4)
  Natasha (D:4)
  An orc wizard (D:6)
  A hound skeleton (D:5)
  6 adders
  2 dart slugs
  2 worms
  16 orcs
  13 endoplasms
  3 giant cockroaches
  7 goblins
  2 hobgoblins
  3 quokkas
  5 ball pythons
  3 bats
  4 frilled lizards
  7 kobolds
125 creatures vanquished.

Notes
Turn   | Place    | Note
-------+----------+-------------------------------------------
     0 | D:1      | DocClef the Minotaur Fighter began the quest for the Orb.
     0 | D:1      | Reached XP level 1. HP: 19/19 MP: 0/0
    18 | D:1      | Found Dekkuc's Armour Emporium.
   191 | D:1      | Reached skill level 3 in Maces & Flails
   232 | D:1      | Reached XP level 2. HP: 26/26 MP: 1/1
   641 | D:1      | Reached skill level 4 in Maces & Flails
   789 | D:1      | Found a faded altar of an unknown god.
   793 | D:1      | Found Diocova's Weapon Shop.
  1061 | D:2      | Reached XP level 3. HP: 14/31 MP: 2/2
  1523 | D:2      | Reached skill level 5 in Maces & Flails
  1763 | D:2      | Found a sacrificial altar of Ru.
  1876 | D:2      | Identified the +1 leather armour of the Echidna {rElec MP-9
                  | Int+2}
  1993 | D:3      | Reached XP level 4. HP: 33/39 MP: 3/3
  2350 | D:3      | Noticed Jessica
  2356 | D:3      | Killed Jessica
  2742 | D:4      | Noticed a lemure
  2742 | D:4      | Noticed a lemure
  2799 | D:4      | Reached skill level 6 in Maces & Flails
  2799 | D:4      | Reached XP level 5. HP: 45/45 MP: 4/4
  2801 | D:4      | Noticed Ijyb
  2813 | D:4      | Killed Ijyb
  3013 | D:4      | Noticed turdburglar's ghost (amateur DsMo)
  3027 | D:4      | Found a transporter.
  3080 | D:4      | Found a transporter.
  3145 | D:4      | Noticed Pikel
  3149 | D:4      | Noticed a lemure
  3152 | D:4      | Killed Pikel
  3153 | D:4      | Reached skill level 9 in Maces & Flails
  3153 | D:4      | Reached XP level 6. HP: 51/51 MP: 5/5
  3153 | D:4      | Reached XP level 7. HP: 57/57 MP: 6/6
  3297 | D:4      | Noticed Edmund
  3318 | D:4      | Killed Edmund
  3319 | D:4      | Reached skill level 10 in Maces & Flails
  3639 | D:4      | Noticed Natasha
  3643 | D:4      | Killed Natasha
  3884 | D:4      | Reached skill level 11 in Maces & Flails
  3907 | D:5      | Entered Level 5 of the Dungeon
  3968 | D:5      | Reached XP level 8. HP: 64/64 MP: 7/7
  4034 | D:4      | Killed turdburglar's ghost
  4035 | D:4      | Reached skill level 12 in Maces & Flails
  4047 | D:4      | Identified the +5 morningstar of Bankruptcy {vorpal, rF+}
  4458 | D:5      | Reached skill level 13 in Maces & Flails
  4467 | D:5      | Reached skill level 14 in Maces & Flails
  4467 | D:5      | Reached XP level 9. HP: 36/70 MP: 8/8
  4745 | D:5      | Found a basalt altar of Yredelemnul.
  4851 | D:5      | Found a stormy altar of Qazlal.
  4854 | D:5      | Found a bloodstained altar of Trog.
  5017 | D:5      | Reached skill level 15 in Maces & Flails
  5629 | D:6      | Found a burning altar of Makhleb.
  5750 | D:6      | Found a staircase to the Ecumenical Temple.
  5968 | Temple   | Entered the Ecumenical Temple
  6192 | Temple   | Became a worshipper of the Shining One
  6386 | D:7      | Reached skill level 16 in Maces & Flails
  6504 | D:7      | Reached skill level 5 in Fighting
  6528 | D:7      | Noticed Harold
  6538 | D:7      | Found Verghad's Antique Armour Emporium.
  6560 | D:6      | Slain by Harold

Illustrated notes

Levels and vault maps discovered:
D:1:      lightli_arrival_maybe_door_vault, layout_loops_ring,
          hellmonk_ecumenical_altar_pennies_from_heaven, serial_shops, shop,
          shop, minivault_26
D:2:      layout_loops_ring, basic_altar
D:3:      layout_loops_ring, patterned_corridor, uniq_jessica
D:4:      layout_basic, gammafunk_ghost_stat_death, uniq_pikel, uniq_ijyb,
          uniq_edmund, uniq_natasha
D:5:      layout_rooms, grunt_temple_overflow_diamond, minmay_misc_feat_square
D:6:      layout_gridville, lemuel_doored_altar, lemuel_temple_firewalk_a
D:7:      layout_cave_pools, nicolae_take_the_stairs, uniq_harold
Temple:   regret_index_temple_generic_petals

Skill      XL: |  1  2  3  4  5  6  7  8  9 |
---------------+----------------------------+-----
Maces & Flails | 3 4 5 6 9 11 14 16 | 16.0
Fighting       | 6 |  6.4
Armour         | |  3.6
Shields        | |  3.6

Action                   |  1- 3 |  4- 6 |  7- 9 || total
-------------------------+-------+-------+-------++-------
Melee: Flail             |    89 |    46 |    52 ||   187
       Headbutt          |     8 |     5 |    36 ||    49
       Whip              |       |       |    20 ||    20
       Morningstar       |       |       |   133 ||   133
  Use: Potion            |       |     2 |     2 ||     4
Armor: Scale mail        |    31 |    10 |    68 ||   109
Dodge: Dodged            |    30 |    15 |    80 ||   125
Block: Buckler           |    24 |    11 |    23 ||    58
